 Dungeon Crawl Stone Soup version 0.27-a0-1136-g0b992a5a9d (webtiles) character file.

Game seed: 9791260062348417267

52 HoaS the Twirler (level 3, -2/21 HPs)
             Began as a Gargoyle Gladiator on May 5, 2021.
             Slain by a gnoll
             ... wielding a +0 halberd
              (11 damage)
             ... on level 2 of the Dungeon.
             The game lasted 00:02:46 (1394 turns).

HoaS the Twirler (Gargoyle Gladiator)               Turns: 1394, Time: 00:02:47

Health: -2/21      AC: 12    Str: 18    XL:     3   Next: 85%
Magic:  3/3        EV:  7    Int:  8    God:
Gold:   48         SH:  0    Dex: 11    Spells: 2/2 levels left

rFire    . . .     SeeInvis .   a - +0 quarterstaff
rCold    . . .     Faith    .   (shield currently unavailable)
rNeg     + . .     Spirit   .   f - +0 chain mail
rPois    ∞         Reflect  .   c - +0 helmet
rElec    +         Harm     .   (no cloak)
rCorr    .         Rampage  .   (no gloves)
Will     .....                  (no boots)
Stlth    ..........             (no amulet)
HPRegen  0.07/turn              (no ring)
MPRegen  0.08/turn              (no ring)

@: no status effects
A: sickness immunity, AC +3, negative energy resistance 1, electricity
resistance, torment resistance 1, unbreathing 1, petrification resistance
a: no special abilities


You were on level 2 of the Dungeon.
You visited 1 branch of the dungeon, and saw 2 of its levels.

You collected 48 gold pieces.

Inventory:

Hand Weapons
 a - a +0 quarterstaff (weapon)
Missiles
 d - 3 throwing nets (quivered)
Armour
 c - a +0 helmet (worn)
 f - a +0 chain mail (worn)
Scrolls
 b - a scroll of immolation {unknown}
Potions
 e - a potion of degeneration {unknown}
 g - a potion of mutation {unknown}


   Skills:
 - Level 2.1 Fighting
 * Level 4.6 Staves
 - Level 1.7 Throwing
 - Level 2.4 Dodging


You had 2 spell levels left.
You didn't know any spells.
Your spell library was empty.

Dungeon Overview and Level Annotations

Branches:
Dungeon (2/15)

Altars:


Innate Abilities, Weirdness & Mutations

You are immune to sickness and miasma.
Your stone body is resilient. (AC +3)
You are immune to poison.
You resist negative energy. (rN+)
You are resistant to electric shocks. (rElec)
You are resistant to unholy torment.
You can survive without breathing.
You are immune to petrification.


Message History

The giant cockroach moves out of view.
A giant cockroach is nearby!
The giant cockroach closely misses you.
You closely miss the giant cockroach.
The giant cockroach bites you but does no damage.
The giant cockroach closely misses you.
You hit the giant cockroach.
You kill the giant cockroach!
No target in view!
You see here a giant cockroach corpse.
g - a smoky yellow potion A gnoll comes into view.
It is wielding a +0 halberd.
The gnoll shouts!
You hear a shout!
The gnoll moves out of view.
A gnoll comes into view.
It is wielding a +0 flail of holy wrath.
A gnoll is nearby!
You start waiting.
A gnoll is nearby!
The gnoll closely misses you.
You hit the gnoll.
The gnoll is moderately wounded.
The gnoll hits you but does no damage.
You hit the gnoll but do no damage.
The gnoll is moderately wounded.
The gnoll barely misses you.
The gnoll hits you from afar with a +0 halberd.
The gnoll hits you but does no damage.
You sock the gnoll!
The gnoll is almost dead.
The gnoll hits you from afar with a +0 halberd.
The gnoll closely misses you.
You hit the gnoll but do no damage.
The gnoll is almost dead.
The gnoll hits you from afar with a +0 halberd.
The gnoll hits you but does no damage.
You sock the gnoll!
You kill the gnoll!
The gnoll hits you from afar with a +0 halberd!
Ouch! That really hurt!
You die...

.............))'.........+..
#.........#.....##.........###
#.[..............##.......##
#..#####†.........##.....##
#..#/$$#.........####...##
#..#$$[#..#.....## ##+##
#..#[[[#..##...## #[#
####..#####..###.########.##### #
.............# #@##.........†.###
###......g...###)##.####.........
###########..g..†..##.....#.###
#.##.##..###...##.# # #.##.##..#
##.###.### #.##.....# #.# #....
#.######.# #.# ##### #.######.#
#.# # #........# #.#######


You could see a gnoll.

Vanquished Creatures
  A gnoll (D:2)
  3 adders (D:2)
  A dart slug (D:1)
  3 ball pythons
  2 goblins (D:2)
  A hobgoblin (D:1)
  2 jackals (D:2)
  A quokka (D:2)
  5 bats
  2 frilled lizards
  A giant cockroach (D:2)
  5 kobolds
  A rat (D:2)
28 creatures vanquished.

Notes
Turn   | Place    | Note
-------+----------+-------------------------------------------
     0 | D:1      | HoaS the Gargoyle Gladiator began the quest for the Orb.
     0 | D:1      | Reached XP level 1. HP: 12/12 MP: 1/1
   209 | D:1      | Reached XP level 2. HP: 11/17 MP: 2/2
   754 | D:2      | Reached skill level 4 in Staves
   821 | D:2      | Reached XP level 3. HP: 20/21 MP: 3/3
  1394 | D:2      | Slain by a gnoll

Illustrated notes

Levels and vault maps discovered:
D:1:      dpeg_arrival_round_b, layout_loops_ring, minmay_misc_feat_square
D:2:      layout_loops_corners, serial_bayou_ford_a, due_unseen_surprise

Skill      XL: |  1  2 |
---------------+-------+-----
Staves         | 4 |  4.6
Fighting       | |  2.1
Throwing       | |  1.7
Dodging        | |  2.4

Action                   || total
-------------------------++-------
Melee: Quarterstaff      ||    84
Throw: Throwing net      ||     1
Armor: Scale mail        ||    13
       Chain mail        ||    52
Dodge: Dodged            ||    45

Table legend: (Time is in decaauts)
 A = Elapsed time spent in this place.
 B = Non-inter-level travel time spent in this place.
 C = Inter-level travel time spent in this place.
 D = Time resting spent in this place.
 E = Time spent auto-exploring this place.
 F = Levels seen in this place.
 G = Mean time per level.
                   A        B        C        D        E       F      G
               +--------+--------+--------+--------+--------+-----+--------+
         Total |   1403 |   1367 |     36 |    152 |    957 |   2 |  701.5 |
       Dungeon |   1403 |   1367 |     36 |    152 |    957 |   2 |  701.5 |
               +--------+--------+--------+--------+--------+-----+--------+

Top non-repeatable levels by time:
     D:1: 744 daAuts
     D:2: 659 daAuts
